 Dungeon Crawl Stone Soup version 0.27-a0-1232-gc6a4cbde82 (webtiles) character file.

Game seed: 2915997292660864819

960 pokeman the Thaumaturge (level 7, -3/38 HPs)
             Began as a Deep Elf Hedge Wizard on June 8, 2021.
             Was an Initiate of Vehumet.
             Slain by an ogre
             ... wielding a +0 giant club
              (25 damage)
             ... on level 5 of the Dungeon.
             The game lasted 00:13:33 (6102 turns).

pokeman the Thaumaturge (Deep Elf Hedge Wizard)     Turns: 6102, Time: 00:13:33

Health: -3/38      AC:  4    Str:  7    XL:     7   Next: 92%
Magic:  5/21       EV: 12    Int: 21    God:    Vehumet [......]
Gold:   151        SH:  0    Dex: 14    Spells: 7/23 levels left

rFire    . . .     SeeInvis .   o - +0 quick blade
rCold    . . .     Faith    .   (no shield)
rNeg     . . .     Spirit   .   n - +0 leather armour
rPois    .         Reflect  .   u - +0 helmet
rElec    .         Harm     .   (no cloak)
rCorr    .         Rampage  .   (no gloves)
Will     .....                  (no boots)
Stlth    ++........             (no amulet)
HPRegen  0.12/turn              l - ring of flight
MPRegen  0.17/turn              (no ring)

@: flying
A: no striking features
a: Renounce Religion


You were on level 5 of the Dungeon.
You worshipped Vehumet.
Vehumet was noncommittal.
You visited 2 branches of the dungeon, and saw 6 of its levels.

You collected 151 gold pieces.

Inventory:

Hand Weapons
 o - a +0 quick blade (weapon)
 p - a +0 hand crossbow
Missiles
 h - 66 arrows
 q - 33 bolts
Armour
 n - a +0 leather armour (worn)
 u - a +0 helmet (worn)
Jewellery
 l - a ring of flight (left hand)
Wands
 r - a wand of flame (14)
Scrolls
 b - 2 scrolls of acquirement {unknown}
 c - a scroll of magic mapping {unknown}
 f - 2 scrolls of amnesia {unknown}
 g - 3 scrolls of identify {unknown}
 i - 2 scrolls of summoning {unknown}
 j - a scroll of immolation {unknown}
 k - a scroll of enchant armour {unknown}
 m - a scroll of brand weapon {unknown}
 v - 2 scrolls of teleportation {unknown}
Potions
 a - a potion of haste {unknown}
 d - a potion of brilliance {unknown}
 e - a potion of curing
 s - a potion of heal wounds {unknown}
 t - a potion of lignification {unknown}


   Skills:
 + Level 1.5 Fighting
 - Level 2.0 Short Blades
 - Level 1.0 Armour
 - Level 3.0 Dodging
 - Level 3.0 Stealth
 * Level 8.7 Spellcasting
 + Level 4.4 Conjurations
 - Level 1.1 Summonings
 - Level 1.1 Translocations
 - Level 1.0 Transmutations
 + Level 2.5 Fire Magic
 - Level 1.0 Air Magic
 - Level 1.0 Earth Magic
 - Level 1.0 Poison Magic
 - Level 1.0 Evocations


You had 7 spell levels left.
You knew the following spells:

 Your Spells              Type           Power      Damage    Failure   Level
a - Magic Dart            Conj           100%       1d8       1%          1
b - Mephitic Cloud        Conj/Pois/Air  18%        N/A       13%         3
c - Call Imp              Summ           13%        N/A       11%         2
d - Blink                 Tloc           N/A        N/A       11%         2
e - Conjure Flame         Conj/Fire      23%        6-21      8%          3
f - Stone Arrow           Conj/Erth      40%        3d9       11%         3
g - Passwall              Tmut/Erth      10%        N/A       11%         2

Your spell library contained the following spells:

 Spells                   Type           Power      Damage    Failure   Level
 Sandblast                Erth           26%        2d8       7%          1
 Summon Small Mammal      Summ           52%        N/A       7%          1
 Corona                   Hex            10%        N/A       11%         1
 Dazzling Flash           Conj/Hex       36%        N/A       13%         3
 Ensorcelled Hibernation  Hex/Ice        18%        N/A       16%         2
 Slow                     Hex            9%         N/A       16%         2
 Call Canine Familiar     Summ           13%        N/A       21%         3
 Summon Guardian Golem    Hex/Summ       11%        N/A       26%         3
 Confusing Touch          Hex            9%         N/A       32%         3
 Tukima's Dance           Hex            9%         N/A       32%         3
 Petrify                  Tmut/Erth      13%        N/A       56%         4
 Summon Lightning Spire   Summ/Air       13%        N/A       56%         4
 Summon Ice Beast         Ice/Summ       11%        N/A       65%         4
 Animate Dead             Necr           4%         N/A       71%         4
 Lee's Rapid Deconstruct  Erth           6%         3d7*      89%         5
 Borgnjor's Vile Clutch   Necr/Erth      5%         N/A       94%         5
 Death Channel            Necr           4%         N/A       100%        6
 Simulacrum               Ice/Necr       4%         N/A       100%        6


Dungeon Overview and Level Annotations

Branches:
Dungeon (5/15)             Temple (1/1) D:4

Altars:
Cheibriados
Dithmenos
Makhleb
Okawaru
Qazlal
Ru
Vehumet
Xom
Zin
The Shining One
Lugonu

Shops:
D:3 [


Message History

You destroy the howler monkey zombie!
Vehumet accepts your kill.
Casting: Magic Dart (safe; 1% risk of failure)
Confirm with . or Enter, or press ? or * to list all spells.
Aiming: Magic Dart (safe; 1% risk of failure)
Press: ? - help, Shift-Dir - straight line, f/p - ogre
Aim: an ogre, wielding a +0 giant club (lightly wounded, 100% to hit)
The magic dart hits the ogre.
The ogre is moderately wounded.
An ogre comes into view. It is wielding a +0 giant club.
Unknown command.
Casting: Magic Dart (safe; 1% risk of failure)
Confirm with . or Enter, or press ? or * to list all spells.
The spell is quite dangerous to cast (13% risk of failure)!
Continue anyway?
Okay, then.
Casting: Mephitic Cloud (quite dangerous; 13% risk of failure)
Confirm with . or Enter, or press ? or * to list all spells.
The spell is quite dangerous to cast (13% risk of failure)!
Continue anyway?
Aiming: Mephitic Cloud (quite dangerous; 13% risk of failure)
Press: ? - help, Shift-Dir - straight line, f/p - ogre
Aim: an ogre, wielding a +0 giant club (moderately wounded, chance to affect: 77%)
The ball explodes into a vile cloud!
The stinking cloud engulfs the ogre but does no damage.
The ogre is moderately wounded.
The ogre is engulfed in noxious fumes.
The ogre appears confused.
Unknown command.
The ogre is engulfed in noxious fumes.
The ogre appears confused.
Casting: Mephitic Cloud (quite dangerous; 13% risk of failure)
Confirm with . or Enter, or press ? or * to list all spells.
The fire begins to smoulder!
The ogre is engulfed in noxious fumes.
The ogre appears confused.
Unknown command.
The ogre is engulfed in noxious fumes.
The ogre appears confused.
The fire ignites!
There is a stone staircase leading up here.
You hit the ogre.
The ogre is heavily wounded.
The ogre hits you with a +0 giant club!!
Ouch! That really hurt!
You die...

#..........# ##.....
...........####.....#
......# #..##....)...
......####.......# .
#............##
#####..#..........#
##.##..#......°...# #
....(...........O.###...#
.....o##......)○@§.O.....
.......#.................
.....Z................(..
......###................
.....<....##.............
...........#...........?#
..........#.........##..#
.......##.#.........# ...
....#... ....


You could see 2 ogres.

Vanquished Creatures
  The ghost of Mrcawl the Cutter, an amateur SpFi (D:4)
  Duvessa (D:4)
  A scorpion (D:5)
  A wyvern zombie (D:4)
  Dowan (D:4)
  A water moccasin skeleton (D:4)
  A howler monkey (D:4)
  3 iron imps (D:4)
  An orc priest (D:3)
  2 bullfrog skeletons
  A hound (D:4)
  Jessica (D:3)
  An iguana (D:5)
  A howler monkey zombie (D:5)
  3 gnolls
  9 adders
  A shadow imp (D:5)
  6 orcs
  5 endoplasms
  3 giant cockroaches
  7 goblins
  7 hobgoblins
  8 jackals
  4 kobolds
  2 quokkas
  8 ball pythons
  4 bats
  3 frilled lizards (D:1)
  2 rats
89 creatures vanquished.

Vanquished Creatures (collateral kills)
  4 gnolls
4 creatures vanquished.

Vanquished Creatures (others)
  2 demonic plants (Temple)
  3 plants
5 creatures vanquished.

Grand Total: 98 creatures vanquished

Notes
Turn   | Place    | Note
-------+----------+-------------------------------------------
     0 | D:1      | pokeman the Deep Elf Hedge Wizard began the quest for the
                  | Orb.
     0 | D:1      | Reached XP level 1. HP: 10/10 MP: 7/7
   283 | D:1      | Found a faded altar of an unknown god.
   301 | D:1      | Reached XP level 2. HP: 16/16 MP: 4/9
   841 | D:1      | Reached skill level 5 in Spellcasting
  1260 | D:2      | Reached XP level 3. HP: 20/20 MP: 7/11
  1264 | D:2      | Learned a level 3 spell: Mephitic Cloud
  1267 | D:2      | Learned a level 2 spell: Call Imp
  1270 | D:2      | Learned a level 2 spell: Blink
  1274 | D:2      | Learned a level 3 spell: Conjure Flame
  1532 | D:2      | You are sucked into a shaft and drop 1 floor!
  1554 | D:3      | Found Dat Meod's Armour Boutique.
  1629 | D:3      | Reached skill level 1 in Armour
  1698 | D:3      | Reached skill level 1 in Fighting
  1762 | D:3      | Noticed Jessica
  1902 | D:2      | Found a snail-covered altar of Cheibriados.
  1910 | D:2      | Reached XP level 4. HP: 16/25 MP: 8/13
  2599 | D:3      | Killed Jessica
  2600 | D:3      | Reached skill level 1 in Fire Magic
  2773 | D:3      | Reached skill level 6 in Spellcasting
  2773 | D:3      | Reached XP level 5. HP: 23/29 MP: 6/15
  3248 | D:3      | Found a glowing silver altar of Zin.
  3529 | D:3      | Reached skill level 1 in Air Magic
  3872 | D:4      | Found a sacrificial altar of Ru.
  3879 | D:4      | Learned a level 3 spell: Stone Arrow
  3882 | D:4      | Learned a level 2 spell: Passwall
  3955 | D:4      | Noticed Duvessa
  3955 | D:4      | Noticed Dowan
  3968 | D:4      | Killed Duvessa
  3969 | D:4      | Reached skill level 1 in Earth Magic
  3969 | D:4      | Reached skill level 1 in Poison Magic
  3969 | D:4      | Reached XP level 6. HP: 30/34 MP: 11/17
  3971 | D:4      | Killed Dowan
  3972 | D:4      | Reached skill level 7 in Spellcasting
  4190 | D:4      | Found a stormy altar of Qazlal.
  4287 | D:4      | Found a staircase to the Ecumenical Temple.
  4320 | Temple   | Entered the Ecumenical Temple
  4420 | Temple   | Became a worshipper of Vehumet
  4495 | D:4      | Reached skill level 1 in Transmutations
  4513 | D:4      | Reached skill level 1 in Short Blades
  4748 | D:4      | Found a runed translucent gate.
  4748 | D:4      | Found a runed translucent gate.
  4748 | D:4      | Found a runed translucent gate.
  4749 | D:4      | Noticed Mrcawl's ghost (amateur SpFi)
  5014 | D:4      | Found a burning altar of Makhleb.
  5156 | D:4      | Reached XP level 7. HP: 38/38 MP: 16/20
  5195 | D:4      | Reached skill level 1 in Evocations
  5383 | D:4      | Killed Mrcawl's ghost
  5384 | D:4      | Reached skill level 8 in Spellcasting
  5596 | D:5      | Entered Level 5 of the Dungeon
  5772 | D:5      | HP: 1/38 [poisoned by a scorpion]
  6102 | D:5      | Slain by an ogre

Illustrated notes

Levels and vault maps discovered:
D:1:      noname_arrival_rooms_in_the_neighbourhood, layout_basic,
          ebering_ecumenical_altar_abandoned
D:2:      layout_basic, basic_altar, serial_bayou_pond_d
D:3:      layout_loops_ring, zin_scriptorium, serial_shops, nicolae_shop_trees,
          hangedman_abyss_or_decor_stabs, uniq_jessica
D:4:      cheibrodos_old_hovel, layout_rooms, lemuel_tele_altar, demons_altar,
          lemuel_doored_altar, minmay_temple_entry_tees,
          gammafunk_ghost_necromancy, minmay_goblin_kobold_house, uniq_duvessa
D:5:      layout_cave_pools, nicolae_overflow_hidden_temple, lemuel_round_altar,
          kennysheep_mini_moat, minmay_crystal_room
Temple:   corrupted_temple

Skill      XL: |  1  2  3  4  5  6  7 |
---------------+----------------------+-----
Spellcasting   | 5 6 7 8 |  8.7
Armour         | 1 |  1.0
Fighting       | 1 |  1.5
Conjurations   | 2 3 4 |  4.4
Dodging        | 3 |  3.0
Fire Magic     | 1 2 |  2.5
Stealth        | 3 |  3.0
Air Magic      | 1 |  1.0
Earth Magic    | 1 |  1.0
Poison Magic   | 1 |  1.0
Transmutations | 1 |  1.0
Short Blades   | 1 2 |  2.0
Evocations     | 1 |  1.0
Summonings     | |  1.1
Translocations | |  1.1

Action                   |  1- 3 |  4- 6 |  7- 9 || total
-------------------------+-------+-------+-------++-------
Melee: Dagger            |     8 |       |       ||     8
       Quick blade       |       |    44 |     9 ||    53
       Whip              |       |     4 |       ||     4
 Cast: Magic Dart        |    96 |   112 |    43 ||   251
       Call Imp          |       |     4 |     4 ||     8
       Mephitic Cloud    |       |     2 |     2 ||     4
       Conjure Flame     |       |     1 |     4 ||     5
       Stone Arrow       |       |     7 |     7 ||    14
       Blink             |       |       |     1 ||     1
  Use: Potion            |       |       |     1 ||     1
 Stab: Confused          |       |     1 |       ||     1
       Sleeping          |       |     1 |       ||     1
Armor: Robe              |     5 |     2 |       ||     7
       Leather armour    |       |     6 |     8 ||    14
Dodge: Dodged            |    21 |    32 |    22 ||    75

Table legend: (Time is in decaauts)
 A = Elapsed time spent in this place.
 B = Non-inter-level travel time spent in this place.
 C = Inter-level travel time spent in this place.
 D = Time resting spent in this place.
 E = Time spent auto-exploring this place.
 F = Levels seen in this place.
 G = Mean time per level.
                   A        B        C        D        E       F      G
               +--------+--------+--------+--------+--------+-----+--------+
         Total |   6087 |   5863 |    224 |    457 |   4574 |   6 | 1014.5 |
       Dungeon |   5872 |   5648 |    224 |    367 |   4480 |   5 | 1174.4 |
        Temple |    214 |    214 |      0 |     90 |     94 |   1 |  214.0 |
               +--------+--------+--------+--------+--------+-----+--------+

Top non-repeatable levels by time:
     D:4: 1770 daAuts
     D:3: 1425 daAuts
     D:1: 1249 daAuts
     D:2: 1150 daAuts
     D:5: 276 daAuts
  Temple: 214 daAuts
